 Dungeon Crawl Stone Soup version 0.13-a0-2923-g04ac8d1 (webtiles) character file.

207 PolkaDot the Ruinous (level 4, -3/28 HPs)
             Began as a Vampire Wizard on Sept 2, 2013.
             Slain by a worker ant (7 damage)
             ... on Level 3 of the Dungeon.
             The game lasted 00:05:07 (1457 turns).

PolkaDot the Ruinous (Vampire Wizard)               Turns: 1457, Time: 00:05:07

HP  -3/28        AC  2     Str  6      XL: 4   Next: 35%
MP   3/12        EV 12     Int 21      God:
Gold 115         SH  0     Dex 12      Spells:  3 memorised,  2 levels left

Res.Fire  : . . .   See Invis. : +   i - +2,+1 dwarf short sword (elec)
Res.Cold  : . . .   Warding    : .   a - +0 robe
Life Prot.: . . .   Conserve   : .   (no shield)
Res.Poison: .       Res.Corr.  : .   b - +0 wizard hat
Res.Elec. : .       Clarity    : .   (no cloak)
Sust.Abil.: + .     Spirit.Shd : .   (no gloves)
Res.Mut.  : .       Stasis     : .   (no boots)
Res.Rott. : .       Flight     : .   (no amulet)
Saprovore : . . .                    (no ring)
                                     l - cursed ring of sustain abilities {unknown}

@: regenerating quickly, mildly poisoned, very slightly contaminated, slightly
resistant to hostile enchantments, stealthy
A: fangs 3, see invisible, unbreathing
a: no special abilities


You were on level 3 of the Dungeon.
You were very full.

You visited 1 branch of the dungeon, and saw 3 of its levels.

You collected 95 gold pieces.

Inventory:

Hand weapons
 i - a +2,+1 dwarven short sword of electrocution (weapon)
Armour
 a - a +0 robe (worn)
 b - a +0 wizard hat (worn)
Scrolls
 e - 5 scrolls of remove curse
 g - 3 scrolls of teleportation {unknown}
 k - a scroll of fog {unknown}
 n - a scroll of curse weapon {unknown}
Jewellery
 l - a cursed ring of sustain abilities (left hand) {unknown}
Potions
 d - a potion of heal wounds {unknown}
 f - a potion of restore abilities {unknown}
 h - a potion of cure mutation {unknown}
 j - a potion of curing {unknown}
 m - a potion of invisibility {unknown}
Books
 c - a book of Minor Magic

   Spells                             Type                      Level
   *Magic Dart                        Conjuration                  1
   Blink                              Translocation                2
   Call Imp                           Summoning                    2
   Repel Missiles                     Charms/Air                   2
   Slow                               Hexes                        2
   *Conjure Flame                     Conjuration/Fire             3
   *Mephitic Cloud                    Conjuration/Poison/Air       3


   Skills:
 - Level 2.1 Dodging
 - Level 3.0 Stealth
 - Level 3.0 Spellcasting
 * Level 3.1 Conjurations
   Level 1.0 Summonings
   Level 0.7 Translocations


You had 2 spell levels left.
You knew the following spells:

 Your Spells              Type           Power        Failure   Level  Hunger
a - Magic Dart            Conj           ###.         4%          1    None
d - Mephitic Cloud        Conj/Pois/Air  #.......     30%         3    ###....
s - Conjure Flame         Conj/Fire      #.......     24%         3    ###....


Dungeon Overview and Level Annotations

Branches:
Dungeon (3/27)

Altars:


Innate Abilities, Weirdness & Mutations

Your natural rate of healing is unusually fast.
You have razor-sharp teeth.*
You have supernaturally acute eyesight.
You can survive without breathing.*


Message History

You are standing in the rain.
* * * LOW HITPOINT WARNING * * *
You feel sick. The worker ant misses you.
Casting: Mephitic Cloud
Confirm with . or Enter, or press ? or * to list all spells.
You don't know that spell.
Casting: Mephitic Cloud
Confirm with . or Enter, or press ? or * to list all spells.
Aiming: Mephitic Cloud
Press: ? - help, Shift-Dir - straight line, f/p - worker ant
Aim: a worker ant (rain, heavily wounded)
The beam explodes into a vile cloud!
The stinking cloud engulfs the worker ant.
The worker ant is heavily wounded.
The stinking cloud engulfs you!
* * * LOW HITPOINT WARNING * * *
You are standing in the rain.
You hear a shout!
The worker ant closely misses you. The worker ant bites you!
You die...

## #.# #.#
#############
#.###..).........
##§§..###########
##§##### #@##
#a## #### #§
..... #§ #### #§
#§ §§ §§ §


You could see a worker ant.

Vanquished Creatures
  3 gnolls (D:2)
  2 adders
  2 giant geckos
  6 orcs (D:3)
  A ball python (D:1)
  2 giant cockroaches
  5 goblins
  4 hobgoblins
  A quokka (D:2)
  4 bats
  2 giant newts
  4 kobolds
  3 rats (D:1)
39 creatures vanquished.

Notes
Turn   | Place    | Note
--------------------------------------------------------------
     0 | D:1      | PolkaDot, the Vampire Wizard, began the quest for the Orb.
     0 | D:1      | Reached XP level 1. HP: 11/11 MP: 6/6
    18 | D:1      | Reached skill level 1 in Conjurations
   302 | D:1      | Reached XP level 2. HP: 7/17 MP: 8/8
   780 | D:2      | Reached XP level 3. HP: 7/22 MP: 10/10
   963 | D:2      | Learned a level 3 spell: Conjure Flame
   967 | D:2      | Learned a level 3 spell: Mephitic Cloud
  1214 | D:3      | Reached XP level 4. HP: 20/28 MP: 12/12
  1457 | D:3      | Slain by a worker ant

Action                   |  1- 3 |  4- 6 || total
-------------------------+-------+-------++-------
Melee: Short sword       |    62 |    38 ||   100
       Dagger            |     2 |       ||     2
 Cast: Magic Dart        |    26 |       ||    26
       Mephitic Cloud    |       |     1 ||     1
  Use: Scroll            |     1 |       ||     1
       Potion            |     1 |       ||     1
 Stab: Sleeping          |     5 |     2 ||     7
